← All builds
Suicide front / Armada / Factory first / OBSERVED BUILD

Standard suicide front

Armada Suicide front build order · Supreme Isthmus

The role's baseline: Bot Lab at 0:21 then straight into reclaim-fed T1 bot production to contest the middle and hold until T2 arrives, with an Advanced Metal Extractor around 9:45.

#rush · 2020 distinct matches · 232 players · 71% of Armada Suicide front games · team won 59% of 2395 · Recently observed

HOW TO PLAY IT

Key timing: Bot Lab by 0:20

  1. Open with mex and lab-first to get Bot Lab up by 0:20.
  2. Expand mex and wind while lab pumps units toward middle.
  3. Push Sentry and early Rocketeer, Centurion to contest middle.
  4. Get T2 constructor out once Pond's boost lets you spare metal.
  5. Upgrade mex to Advanced Metal Extractor as you transition off T1 spam.

Phase by phase

TYPICAL OF ITS 2020 GAMES
  1. 1
  2. 2
  3. 3
PLAY THE OPENING

Follow the example game's first 6:00 step by step: what to build now, what comes next, and where it goes. At 1× it keeps pace with your own game.

  1. 1

    Bot Lab first

    Order
    1. Bot LabBot Lab done ~0:21, middle half 0:20–0:33

    Some games also: mex (44%)

  2. 2

    Bot Lab to 5:00

    Economy
    • Metal Extractor5Mex
    • Wind Turbine4Wind
    Builders
    • Construction Bot3 Con bot
    • Lazarus2 Lazarus
    Army
    • Sentry4 Sentry
    • Rocketeer16 Rocketeer
    • Tick2 Tick
    • Centurion1 Centurion
    Other
    • Radar Tower1 Radar Tower

    Some games also: pawn (37%) · con turret (34%)

    By 5:00 in all: 5 mex · 4 wind

    The example game in this phase · 35 steps
    1. TickTick
    2. LazarusLazarus ×2
    3. TickTick ×2
    4. Construction BotCon bot
    5. CenturionCenturion
    6. SentrySentry
    7. Construction BotCon bot
    8. Mex
    9. RocketeerRocketeer ×2
    10. Mex
    11. CenturionCenturion
    12. Con turret
    13. SentrySentry
    14. CenturionCenturion
    15. SentrySentry
    16. Construction BotCon bot
    17. SentrySentry ×2
    18. CenturionCenturion
    19. Wind ×2
    20. Construction BotCon bot
    21. Wind
    22. CenturionCenturion
    23. Wind ×2
    24. PawnPawn
    25. Wind
    26. PawnPawn ×2
    27. Wind
    28. PawnPawn
    29. Wind
    30. PawnPawn ×2
    31. Wind
    32. PawnPawn
    33. Wind
    34. PawnPawn
    35. Wind
  3. 3

    5:00 to 10:00

    Economy
    • Metal Extractor1Mex
    • Wind Turbine15Wind
    Builders
    • Construction Turret2 Con turret
    • Lazarus2 Lazarus
    • Construction Bot1 Con bot
    Army
    • Sentry1 Sentry
    • Rocketeer8 Rocketeer

    Some games also: pawn (49%) · Radar Tower (46%) · tick (45%) · centurion (44%) · energy storage (43%) · eat Bot Lab (31%)

    By 10:00 in all: 6 mex · 21 wind · 1 energy storage · 2 con turret

    The example game in this phase · 209 steps
    1. PawnPawn
    2. Con turret
    3. Wind
    4. PawnPawn
    5. Wind ×9
    6. Con turret
    7. Wind
    8. Advanced Metal ExtractorT2 mexdone 7:07 · typical 9:46
    9. Wind
    10. TickTick ×2
    11. Con turret
    12. Mex
    13. TickTick
    14. BeamerBeamer
    15. TickTick
    16. Wind
    17. TickTick
    18. BeamerBeamer
    19. TickTick ×2
    20. Advanced Metal ExtractorT2 mex
    21. TickTick ×3
    22. OverwatchOverwatch
    23. TickTick ×2
    24. Advanced Metal ExtractorT2 mex
    25. AnemoneAnemone
    26. TickTick
    27. Con turret
    28. AnemoneAnemone
    29. LazarusLazarus
    30. AnemoneAnemone ×2
    31. LazarusLazarus
    32. Advanced Metal ExtractorT2 mex
    33. Wind
    34. Con turret
    35. TickTick
    36. Wind
    37. Construction BotCon bot
    38. Con turret
    39. Wind ×2
    40. Construction BotCon bot
    41. Wind
    42. Construction BotCon bot
    43. Wind
    44. Energy storage ×2
    45. Construction BotCon bot
    46. Wind
    47. TickTick ×2
    48. Wind
    49. TickTick
    50. LazarusLazarus
    51. TickTick
    52. Wind
    53. TickTick ×2
    54. BeamerBeamer
    55. TickTick ×2
    56. Wind
    57. TickTick ×4
    58. Wind
    59. TickTick ×4
    60. Wind
    61. TickTick ×4
    62. Wind
    63. TickTick
    64. Con turret
    65. TickTick ×2
    66. Advanced Metal ExtractorT2 mex
    67. TickTick
    68. Wind
    69. TickTick ×3
    70. Wind
    71. TickTick ×4
    72. Con turret
    73. TickTick ×2
    74. Con turret
    75. TickTick ×5
    76. Con turret
    77. TickTick
    78. Construction BotCon bot
    79. TickTick ×2
    80. Wind
    81. TickTick
    82. Sneaky PeteSneaky Pete
    83. Advanced Bot LabAdvanced Bot Labdone 12:37
    84. TickTick
    85. Wind ×2
    86. TickTick
    87. Advanced Metal ExtractorT2 mex
    88. Wind
    89. TickTick
    90. Wind ×2
    91. TickTick
    92. Wind
    93. TickTick ×2
    94. Wind
    95. TickTick
    96. Radar TowerRadar Tower
    97. TickTick
    98. AnemoneAnemone
    99. TickTick ×2
    100. Advanced Construction BotT2 con bot
    101. Wind
    102. TickTick
    103. Wind
    104. TickTick ×2
    105. Wind
    106. TickTick ×5
    107. PlatypusPlatypus
    108. TickTick ×2
    109. Wind
    110. TickTick
    111. PlatypusPlatypus
    112. TickTick ×3
    113. PlatypusPlatypus
    114. TickTick
    115. Wind
    116. TickTick ×2
    117. PlatypusPlatypus
    118. TickTick ×2
    119. Wind
    120. Vehicle PlantVehicle Plantdone 13:30
    121. TickTick
    122. PlatypusPlatypus
    123. TickTick ×3
    124. Wind
    125. PlatypusPlatypus
    126. TickTick ×3
    127. BlitzBlitz
    128. PlatypusPlatypus
    129. Wind
    130. TickTick ×2
    131. BlitzBlitz
    132. TickTick
    133. PlatypusPlatypus
    134. TickTick
    135. Wind
    136. TickTick
    137. BlitzBlitz
    138. TickTick
    139. PlatypusPlatypus
    140. TickTick
    141. BlitzBlitz
    142. TickTick
    143. Wind
    144. TickTick
    145. PlatypusPlatypus
    146. BlitzBlitz
    147. TickTick ×2
    148. BlitzBlitz
    149. TickTick
    150. PlatypusPlatypus
    151. Wind
    152. TickTick
    153. Fusion ReactorFusionnot finished by 15:00
    154. BlitzBlitz
    155. TickTick
    156. AnemoneAnemone
    157. TickTick
    158. PlatypusPlatypus
    159. TickTick
    160. BlitzBlitz
    161. TickTick
    162. Wind
    163. TickTick
    164. PlatypusPlatypus
    165. TickTick ×2
    166. BlitzBlitz
    167. AnemoneAnemone
    168. TickTick
    169. PlatypusPlatypus
    170. TickTick ×2
    171. BlitzBlitz
    172. TickTick
    173. PlatypusPlatypus
    174. TickTick ×2
    175. BlitzBlitz
    176. TickTick
    177. PlatypusPlatypus
    178. TickTick ×2
    179. Wind
    180. BlitzBlitz
    181. TickTick
    182. PlatypusPlatypus
    183. TickTick ×2
    184. BlitzBlitz
    185. TickTick
    186. PlatypusPlatypus
    187. TickTick
    188. BlitzBlitz
    189. TickTick ×2
    190. PlatypusPlatypus
    191. TickTick
    192. BlitzBlitz
    193. TickTick ×2
    194. PlatypusPlatypus
    195. TickTick
    196. BlitzBlitz
    197. TickTick
    198. Wind
    199. TickTick
    200. PlatypusPlatypus
    201. TickTick
    202. BlitzBlitz
    203. TickTick ×2
    204. PlatypusPlatypus
    205. BlitzBlitz
    206. TickTick ×3
    207. BlitzBlitz
    208. PlatypusPlatypus
    209. TickTick

Counts are medians over the build's games: half of them build more, half fewer. The example game is speddyteddy's (31 OS, 08/09/2026); pick another.

Team trades

IN AT LEAST 30% OF ITS GAMES

You hand over

Nothing regular.

You get

  • Tidal Generator4 Tidal from Pondfirst at 0:11 · in 68% of games
  • Advanced Construction Bot1 T2 con bot from Geo or Techfirst at 7:41 · in 57% of games

How it plays out

Typical game of this build, running totals by minute

Metal produced

010k20k
0:005:0010:0015:00

metal

Enemy metal destroyed

05k10k
0:005:0010:0015:00

metal

Own metal lost

05k10k
0:005:0010:0015:00

metal

2395 games.

Show as table
ByMetal produced: This buildEnemy metal destroyed: This buildOwn metal lost: This build
1:0023000
2:0088600
3:002007184130
4:003108643501
5:0041841352998
6:00534921831707
7:00654430512590
8:00776039353502
9:00903546904383
10:001041253145163
11:001188958585965
12:001358364066686
13:001540468757453
14:001729875038214
15:001929281099007
WHAT THE NUMBERS SAY

Standard Suicide front play wins a bit over half its games while taking the heaviest own losses of any role by 15:00.

  • + Produces 20142 metal by 15:00, highest of the front roles.
  • + First kill by 2:01 in all games, fastest contest of middle.
  • − Own metal lost hits 9178 by 15:00, more than enemy metal destroyed.
  • − Only 34% Rocketeer share shows army spread thin across many bot types.
THE EXAMPLE YOU ARE READING

speddyteddy

31.0 OS · 08/09/2026

Open source match ↗

5 received units · includes a constructor
92 metal received · 28527 energy received

Allied construction assistance is unknown. Timings are observations, not a promise of solo reproducibility.

Typical milestones

Bot Lab0:21Middle 50%: 0:20–0:33 · n=2387
Advanced Metal Extractor9:46Middle 50%: 8:50–10:58 · n=1732

Played most by

_X_262games of this buildPlatinumBlonde188games of this buildXad165games of this buildTrapCaT109games of this buildImmort80games of this build
Standard suicide front · Armada Suicide front build order · BAR Build Atlas